 Dungeon Crawl Stone Soup version 0.27-a0-988-g25969acef8 (webtiles) character file.

Game seed: 9242776461104589203

1068 vurker the Magician (level 8, -12/59 HPs)
             Began as a Djinni Fire Elementalist on Apr 15, 2021.
             Mangled by a two-headed ogre
             ... wielding a +0 giant club
              (28 damage)
             ... on level 4 of the Dungeon.
             The game lasted 00:08:19 (6007 turns).

vurker the Magician (Djinni Fire Elementalist)      Turns: 6007, Time: 00:08:19

Health: -12/59     AC:  7    Str:  7    XL:     8   Next: 28%
Gold:   65         EV: 12    Int: 18    God:
                   SH:  0    Dex: 15

rFire    + + +     SeeInvis .   l - staff of fire
rCold    x x .     Faith    .   (no shield)
rNeg     . . .     Spirit   .   a - +0 robe
rPois    ∞         Reflect  .   (no helmet)
rElec    .         Harm     .   (no cloak)
rCorr    .         Rampage  .   j - +0 pair of gloves
Will     .....                  (boots unavailable)
Stlth    ++........             (no amulet)
HPRegen  0.19/turn              m - +4 ring of protection
MPRegen  0.00/turn              o - ring of fire

@: flying
A: fire resistance 2, cold vulnerability 1, float, innate caster, hp casting,
extra vitality 1
a: no special abilities


You were on level 4 of the Dungeon.
You visited 1 branch of the dungeon, and saw 4 of its levels.
You also visited: Ossuary.

You collected 65 gold pieces.

Inventory:

Hand Weapons
 c - a +0 short sword
   (You took it off a kobold on level 1 of the Dungeon)
Armour
 a - a +0 robe (worn)
 j - a +0 pair of gloves (worn)
   (You found it on level 2 of the Dungeon)
Magical Staves
 l - a staff of fire (weapon)
   (You found it on level 3 of the Dungeon)
Jewellery
 m - a +4 ring of protection (left hand)
   (You found it on level 3 of the Dungeon)
 o - a ring of fire (right hand)
   (You found it on level 3 of the Dungeon)
Scrolls
 d - 3 scrolls of identify
 g - a scroll of holy word {unknown}
 k - 2 scrolls of teleportation {unknown}
 n - a scroll of enchant weapon {unknown}
 p - a scroll of immolation {unknown}
 q - a scroll of enchant armour {unknown}
 r - a scroll of fog {unknown}
 t - a scroll of vulnerability {unknown}
 w - 2 scrolls of noise {unknown}
Potions
 b - 2 potions of mutation {unknown}
 e - 2 potions of heal wounds {unknown}
 f - a potion of brilliance {unknown}
 h - a potion of attraction {unknown}
 i - a potion of curing {unknown}
 s - 5 potions of haste
 u - a potion of cancellation {unknown}
 v - a potion of might {unknown}
 x - a potion of invisibility {unknown}
 z - 2 potions of degeneration {unknown}


   Skills:
 + Level 5.2 Fighting
 - Level 2.1 Dodging
 - Level 1.5 Stealth
 * Level 7.0 Spellcasting


You couldn't memorise any spells.
You knew the following spells:

 Your Spells              Type           Power      Damage    Failure   Level
a - Foxfire               Conj/Fire      100%       2x1d9     1%          1
b - Call Imp              Summ           31%        N/A       1%          2
c - Poisonous Vapours     Pois/Air       62%        N/A       1%          2
d - Shock                 Conj/Air       100%       1d9       1%          1
e - Inner Flame           Hex/Fire       64%        N/A       1%          3
m - Conjure Flame         Conj/Fire      64%        6-21      1%          3
q - Sticky Flame          Conj/Fire      64%        2d8       6%          4
z - Fireball              Conj/Fire      32%        3d14      16%         5
Your spell library was empty.

Dungeon Overview and Level Annotations

Branches:
Dungeon (4/15)            Ossuary (visited)
 Temple: D:4-7

Altars:
Dithmenos
Hepliaklqana
Okawaru

Shops:
D:4 [


Innate Abilities, Weirdness & Mutations

You are immune to poison.
Your flesh is very heat resistant. (rF++)
You are vulnerable to cold. (rC-)
You float through the air rather than walking.
You learn spells naturally, not from books.
Your magical power is your life essence.
You have superior vitality. (+4 HP)


Message History

The orc hits you but does no damage.
You feel a strong surge of power!
There is not enough space to conjure foxfire!
Unknown command.
The foxfire hits the orc!
You kill the orc!
The foxfire hits the ufetubus.
The ufetubus is burned terribly!
The foxfire hits the ufetubus!
The ufetubus is burned terribly!
You kill the ufetubus!
A two-headed ogre opens the door.
It is wielding two +0 giant clubs.
Aim: a two-headed ogre, wielding two +0 giant clubs (wandering, hasn't noticed you) Poisonous vapours surround the two-headed ogre!
The two-headed ogre shouts in stereo!
The two-headed ogre is engulfed in poison gas.
The two-headed ogre is poisoned.
Aim: a two-headed ogre, wielding two +0 giant clubs (lightly wounded, poisoned) Poisonous vapours surround the two-headed ogre!
The two-headed ogre is engulfed in poison gas.
The two-headed ogre looks even sicker.
Aim: a two-headed ogre, wielding two +0 giant clubs (lightly wounded, very poisoned) Poisonous vapours surround the two-headed ogre!
The two-headed ogre is engulfed in poison gas.
The two-headed ogre looks even sicker.
Aim: a two-headed ogre, wielding two +0 giant clubs (moderately wounded, very poisoned) Poisonous vapours surround the two-headed ogre!
The two-headed ogre looks as sick as possible!
You see here a hobgoblin corpse.
The two-headed ogre closely misses you. The two-headed ogre barely misses you.
There is an open door here.
There is an open door here.
Aim: a two-headed ogre, wielding two +0 giant clubs (heavily wounded, very poisoned) Poisonous vapours surround the two-headed ogre!
The two-headed ogre is engulfed in poison gas.
The two-headed ogre looks even sicker.
The two-headed ogre hits you with a +0 giant club! x2
* * * LOW HITPOINT WARNING * * *
Aim: a two-headed ogre, wielding two +0 giant clubs (heavily wounded, very poisoned) Poisonous vapours surround the two-headed ogre!
* * * LOW HITPOINT WARNING * * *
The two-headed ogre is engulfed in poison gas.
The two-headed ogre looks even sicker.
Aim: a two-headed ogre, wielding two +0 giant clubs (severely wounded, very poisoned, 100% to hit)
You feel a strong surge of power!
The sticky flame hits the two-headed ogre!
The two-headed ogre is covered in liquid flames!
* * * LOW HITPOINT WARNING * * *
The two-headed ogre burns!
The two-headed ogre hits you but does no damage.
The two-headed ogre hits you with a +0 giant club!!
You die...

..#.#.....##### #...#†##.#
..#.#..>..# #..'...#.O..#
#...#.....### ###########'##
#...#.....<.# #..)...#.....#
#...#.......# #.#..#.#.#.#.#
###+#.......###......#.....#
#.............#......#.#.#.#
..............#.#..#.'.....#
..............).@O...#######
............##########
P..P................
.P§.................
........##..........
§P.#P...##..........
§.......##..........
..PP.############### §PP..#


You could see a two-headed ogre (burning, very poisoned).

Vanquished Creatures
  A black bear (D:4)
  A phantom (D:2)
  3 elf zombies (Ossuary)
  2 scorpions (D:4)
  5 centaur zombies (Ossuary)
  4 human zombies (Ossuary)
  An orc priest (D:3)
  A bullfrog skeleton (D:4)
  An orc wizard (D:4)
  A hound skeleton (D:4)
  3 mummies (Ossuary)
  8 adders
  An ufetubus (D:4)
  A worm (D:2)
  2 dart slugs
  4 orcs
  11 ball pythons
  5 bats
  6 endoplasms
  2 giant cockroaches
  7 hobgoblins
  5 jackals
  3 quokkas
  A frilled lizard (D:1)
  9 goblins
  4 kobolds
  5 rats
97 creatures vanquished.

Vanquished Creatures (collateral kills)
  2 foxfires (D:4)
2 creatures vanquished.

Vanquished Creatures (others)
  499 foxfires
499 creatures vanquished.

Grand Total: 598 creatures vanquished

Notes
Turn   | Place    | Note
-------+----------+-------------------------------------------
     0 | D:1      | vurker the Djinni Fire Elementalist began the quest for the
                  | Orb.
     0 | D:1      | Reached XP level 1. HP: 15/15 MP: 0/0
     0 | D:1      | Noticed an ogre
     0 | D:1      | Noticed a minotaur
     1 | D:1      | Noticed a centaur
     7 | D:1      | Noticed a vine stalker
     9 | D:1      | Noticed a minotaur
    11 | D:1      | Noticed a troll
    11 | D:1      | Noticed a ghoul
    13 | D:1      | Noticed a dwarf
    15 | D:1      | Noticed a naga
    17 | D:1      | Noticed a human
    19 | D:1      | Noticed a minotaur
    19 | D:1      | Noticed a naga
    21 | D:1      | Noticed a ghoul
   109 | D:1      | Reached skill level 3 in Spellcasting
   109 | D:1      | Reached XP level 2. HP: 14/22 MP: 0/0
   372 | D:1      | Found a faded altar of an unknown god.
   522 | D:1      | Reached skill level 1 in Fighting
   786 | D:1      | Reached XP level 3. HP: 19/27 MP: 0/0
   786 | D:1      | Learned a level 1 spell: Shock
  2145 | D:2      | Found an iron altar of Okawaru.
  2532 | D:2      | Reached XP level 4. HP: 28/33 MP: 0/0
  2611 | D:2      | Noticed a phantom
  2645 | D:2      | Killed a phantom
  2646 | D:2      | Reached skill level 4 in Spellcasting
  2646 | D:2      | Reached XP level 5. HP: 10/39 MP: 0/0
  2646 | D:2      | Learned a level 2 spell: Poisonous Vapours
  4182 | D:4      | Reached XP level 6. HP: 41/46 MP: 0/0
  4266 | D:4      | Noticed a black bear
  4271 | D:4      | Killed a black bear
  4272 | D:4      | Reached skill level 5 in Spellcasting
  4318 | D:4      | Found a sand-covered staircase.
  4327 | Ossuary  | Entered an ossuary
  4395 | Ossuary  | Reached XP level 7. HP: 17/51 MP: 0/0
  4395 | Ossuary  | Learned a level 2 spell: Call Imp
  4737 | Ossuary  | Reached skill level 6 in Spellcasting
  4989 | Ossuary  | Reached XP level 8. HP: 23/58 MP: 0/0
  5263 | D:4      | Found a hazy altar of Hepliaklqana.
  5409 | D:4      | Found a shadowy altar of Dithmenos.
  5546 | D:4      | Found Kyimus's Armour Shop.
  5824 | D:4      | Noticed a two-headed ogre
  5847 | D:4      | Reached skill level 5 in Fighting
  5848 | D:4      | Reached skill level 7 in Spellcasting
  6007 | D:4      | Mangled by a two-headed ogre

Illustrated notes

Levels and vault maps discovered:
D:1:      shiori_arrival_whats_in_store_for_you, layout_basic,
          hellmonk_ecumenical_altar_arch_garden
D:2:      layout_loops_corners, basic_altar, corexii_item_surrounded_by_moat
D:3:      layout_loops_ring
D:4:      minmay_clustersquares, layout_basic, grunt_dithmenos_smoke,
          nicolae_hepliaklqana_hazy_memory, serial_shops, shop,
          chequers_ossuary_entry_cave, minivault_4

Skill      XL: |  1  2  3  4  5  6  7  8 |
---------------+-------------------------+-----
Spellcasting   | 3 4 5 6 7 |  7.0
Fighting       | 1 2 3 4 5 |  5.2
Dodging        | |  2.1
Stealth        | |  1.5

Action                   |  1- 3 |  4- 6 |  7- 9 || total
-------------------------+-------+-------+-------++-------
Melee: Short sword       |       |     1 |       ||     1
       Staff             |       |     3 |       ||     3
 Cast: Foxfire           |   108 |    77 |   107 ||   292
       Poisonous Vapours |       |    12 |    10 ||    22
       Sticky Flame      |       |     1 |     8 ||     9
       Fireball          |       |       |     1 ||     1
  Use: Scroll            |       |       |     1 ||     1
Armor: Robe              |       |    13 |    14 ||    27
Dodge: Dodged            |     3 |    14 |    30 ||    47

Table legend: (Time is in decaauts)
 A = Elapsed time spent in this place.
 B = Non-inter-level travel time spent in this place.
 C = Inter-level travel time spent in this place.
 D = Time resting spent in this place.
 E = Time spent auto-exploring this place.
 F = Levels seen in this place.
 G = Mean time per level.
                   A        B        C        D        E       F      G
               +--------+--------+--------+--------+--------+-----+--------+
         Total |   6005 |   5965 |     40 |      0 |   5332 |   5 | 1201.0 |
       Dungeon |   5128 |   5088 |     40 |      0 |   4584 |   4 | 1282.0 |
       Ossuary |    876 |    876 |      0 |      0 |    748 |   1 |  876.0 |
               +--------+--------+--------+--------+--------+-----+--------+

Top non-repeatable levels by time:
     D:1: 1737 daAuts
     D:2: 1482 daAuts
     D:4: 985 daAuts
     D:3: 922 daAuts
 Ossuary: 876 daAuts
